 Dungeon Crawl Stone Soup version 0.24.0-123-gd5b16e6ec5 (webtiles) character file.

Game seed: 15871451644028180736, levelgen mode: deterministic

42955 Amplified the Tainter (level 13, 0/114 HPs)
             Began as a Green Draconian Venom Mage on Jan 13, 2020.
             Was a High Priest of Vehumet.
             Engulfed by an ice statue's freezing vapour (35 damage)
             ... in an ice cave on Jan 14, 2020.
             The game lasted 00:36:44 (18531 turns).

Amplified the Tainter (Green Draconian Venom Mage) Turns: 18531, Time: 00:36:44

Health: 0/114      AC: 14    Str: 10    XL:     13   Next: 88%
Magic:  18/28      EV: 25    Int: 20    God:    Vehumet [*****.]
Gold:   1211       SH: 25    Dex: 17    Spells: 12/34 levels left

rFire    . . .     SeeInvis +   f - +6 flail (protect)
rCold    . . .     Gourm    .   q - +8 large shield
rNeg     . . .     Faith    .   (armour unavailable)
rPois    +         Spirit   .   p - +1 hat
rElec    .         Reflect  .   o - +0 cloak
rCorr    +         Harm     .   s - +2 pair of gloves
MR       .....                  h - +0 pair of boots
Stlth    ++........             c - amulet of the acrobat
HPRegen  0.29/turn              n - ring of resist corrosion
MPRegen  0.21/turn              D - ring "Veutyikk" {+Blink Dex+4 SInv}

@: acrobat, very slightly contaminated, slowed, very slow
A: breathe noxious fumes, unfitting armour, poison resistance, cold-blooded, AC
+8
a: Breathe Noxious Fumes, Renounce Religion, Evoke Blink


You were in an ice cave.
You worshipped Vehumet.
Vehumet was extremely pleased with you.
You were full.

You visited 4 branches of the dungeon, and saw 18 of its levels.
You also visited: Bailey and Ice Cave.

You collected 1908 gold pieces.
You spent 697 gold pieces at shops.

Inventory:

Hand Weapons
 f - a +6 flail of protection (weapon)
Missiles
 e - 36 poisoned darts (quivered)
 m - 7 curare-tipped darts
Armour
 h - a +0 pair of boots (worn)
 k - a scarf of spirit shield
 o - a +0 cloak (worn)
 p - a +1 hat (worn)
 q - a +8 large shield (worn)
 s - a +2 pair of gloves (worn)
Magical Staves
 C - an uncursed staff of summoning
Jewellery
 a - an uncursed ring of flight
 c - an amulet of the acrobat (around neck)
 n - a ring of resist corrosion (left hand)
 x - an uncursed amulet of guardian spirit {unknown}
 z - an uncursed amulet of magic regeneration {unknown}
 A - an uncursed ring of stealth
 B - an uncursed amulet of faith {unknown}
 D - the ring "Veutyikk" (right hand) {+Blink Dex+4 SInv}
   (You found it on level 2 of the Lair of Beasts)

   [ring of see invisible]

   It affects your dexterity (+4).
   It lets you see invisible.
   It lets you blink.
Wands
 r - a wand of digging (2)
 w - a wand of flame (22)
Scrolls
 i - 6 scrolls of remove curse
 l - a scroll of holy word
 t - 2 scrolls of teleportation
 u - a scroll of vulnerability
 v - a scroll of blinking
 y - a scroll of fear
Potions
 d - 2 potions of brilliance
 g - a potion of curing
 j - 4 potions of flight
 E - a potion of magic
 G - a potion of might
 H - a potion of heal wounds
 I - a potion of resistance
Comestibles
 b - 20 rations


   Skills:
 + Level 10.5 Fighting
 - Level 1.7 Dodging
 - Level 1.7 Stealth
 * Level 12.8 Shields
 * Level 11.2 Spellcasting
 * Level 5.9 Conjurations
 * Level 14.0 Poison Magic


You had 12 spell levels left.
You knew the following spells:

 Your Spells              Type           Power        Failure   Level  Hunger
a - Poison Arrow          Conj/Pois      ######....   19%         6    ######.
b - Poisonous Vapours     Pois/Air       #####.       2%          2    None
c - Mephitic Cloud        Conj/Pois/Air  #####...     1%          3    None
d - Olgreb's Toxic Radia  Pois           ######..     1%          4    ##.....
e - Conjure Flame         Conj/Fire      ###.....     7%          3    None
f - Force Lance           Conj/Tloc      ###.....     22%         4    ##.....

Your spell library contained the following spells:

 Spells                   Type           Power        Failure   Level  Hunger
 Orb of Destruction       Conj           ####......   99%         7    #######
 Magic Dart               Conj           ####         1%          1    None
 Sting                    Conj/Pois      ####         1%          1    None
 Searing Ray              Conj           ####..       1%          2    None
 Venom Bolt               Conj/Pois      ######....   4%          5    ####...
 Dazzling Spray           Conj/Hex       ###...       7%          3    None
 Iskenderun's Mystic Bla  Conj           ####....     7%          4    ##.....
 Fulminant Prism          Conj/Hex       ###.......   22%         4    ##.....
 Summon Butterflies       Summ           ##......     30%         1    None
 Summon Small Mammal      Summ           ##..         30%         1    None
 Call Imp                 Summ           ##......     41%         2    None
 Call Canine Familiar     Summ           ##......     65%         3    None
 Summon Guardian Golem    Hex/Summ       ##......     65%         3    None
 Summon Ice Beast         Ice/Summ       ##......     96%         4    ##.....
 Summon Lightning Spire   Summ/Air       ##......     96%         4    ##.....
 Summon Mana Viper        Hex/Summ       ##......     100%        5    ####...
 Summon Hydra             Summ           ##........   100%        7    #######


Dungeon Overview and Level Annotations

Branches:
Dungeon (12/15)            Temple (1/1) D:6            Lair (3/6) D:8
    Orc (2/2) D:10            Elf (0/3) Orc:2        Bailey (visited)
  IceCv (1/1)
  Swamp: Lair:2-4    Shoals: Lair:2-4     Snake: Lair:2-4    Spider: Lair:2-4

Altars:
Ashenzari
Gozag
Hepliaklqana
Kikubaaqudgha
Makhleb
Okawaru
Qazlal
Ru
Sif Muna
Trog
Vehumet
Beogh

Shops:
D:6 *   D:10 *   D:12 !!?   Orc:2 (:(=

Annotations:
D:7 1 runed translucent door, Xerdoz's ghost, novice BaFE
D:10 Lair
D:12 Psyche
Lair:1 1 runed translucent door, Buzer's ghost, journeyman DECj IceCv exclusion: ice statue


Innate Abilities, Weirdness & Mutations

You can breathe blasts of noxious fumes.
Your lurid green scales are hard. (AC +8)
You cannot fit into any form of body armour.
Your system is resistant to poisons. (rPois)
You are cold-blooded and may be slowed by cold attacks.


Message History

You are engulfed in freezing vapours.
You feel as though you will be slow longer.
The ice beast completely misses you.
The ice statue gestures.
You block the ice beast's attack. x2
The ice statue gestures at you. The bolt of cold hits you!
* * * LOW HITPOINT WARNING * * *
You block the ice beast's attack. The ice beast completely misses you.
The ice statue gestures at you.
The bolt of cold hits the ice beast.
The ice beast completely resists.
The bolt of cold misses you.
A wolf and a polar bear come into view.
The polar bear growls angrily.
A wolf comes into view.
The ice statue gestures at you.
The freezing blast engulfs the ice beast.
The ice beast completely resists.
You are engulfed in freezing vapours.
You die...

#.......###.......###.
#.......#######.......
##........## #####...
###.......### #.##
###.......# ###
###Y○.8## ##○○###
###Y○## #@☼Y##
#.h...☼### #..h.####
.h##


You could see an ice statue, a polar bear, 2 ice beasts and 2 wolves.

Vanquished Creatures
  A catoblepas (Lair:3)
  A hydra (Lair:1)
  A centaur warrior (D:6)
  2 two-headed ogres
  4 orc high priests (Orc:2)
  Pikel (D:5)
  3 orc knights (Orc:1)
  An ugly thing (D:9)
  A cyclops (D:8)
  An orc sorcerer (Orc:2)
  A manticore (D:10)
  Maurice (Orc:1)
  2 centaur zombies
  5 spiny frogs
  5 komodo dragons
  5 trolls
  6 polar bears (IceCv)
  6 hippogriffs
  A spriggan (D:8)
  A shadow (D:7)
  27 yaks
  3 wyverns
  A hungry ghost (D:12)
  A warg (Orc:1)
  2 swamp worms (Lair:3)
  Menkaure (D:6)
  7 porcupines
  3 water moccasins (Lair:3)
  3 ice beasts
  3 sky beasts
  A slave (D:5)
  A hornet zombie (D:12)
  3 phantoms
  2 black bears
  28 orc warriors
  7 ogres
  8 centaurs
  9 wolves
  3 crocodiles
  2 big kobolds
  14 bullfrogs
  2 wyvern zombies
  A scorpion (D:8)
  26 killer bees
  12 wights
  3 howler monkeys
  3 crimson imps (D:9)
  2 hounds (D:4)
  A jelly (D:9)
  30 orc priests
  Crazy Yiuf (D:6)
  A bullfrog skeleton (D:4)
  A centaur skeleton (D:4)
  Terence (D:2)
  7 iguanas
  26 orc wizards
  11 worker ants
  A hound zombie (D:6)
  A howler monkey zombie (D:8)
  A worker ant zombie (D:8)
  14 gnolls
  A howler monkey skeleton (D:10)
  13 adders
  A shadow imp (D:6)
  An adder zombie (D:5)
  3 worms
  4 dart slugs
  3 leopard geckos
  76 orcs
  10 bats
  5 giant cockroaches
  13 hobgoblins
  10 jackals
  21 kobolds
  A quokka (D:4)
  A ball python (D:4)
  3 frilled lizards
  16 goblins
  A leopard gecko skeleton (D:4)
  A quokka skeleton (D:9)
  10 rats
517 creatures vanquished.

Vanquished Creatures (collateral kills)
  2 hippogriffs (Lair:1)
  A yak (Lair:1)
  A bush (Lair:1)
4 creatures vanquished.

Vanquished Creatures (others)
  A crimson imp (D:9)
  An orc wizard (Orc:2)
  An orc (D:5)
  A fungus (Lair:3)
4 creatures vanquished.

Grand Total: 525 creatures vanquished

Notes
Turn   | Place    | Note
-------+----------+-------------------------------------------
     0 | D:1      | Amplified the Draconian Venom Mage began the quest for the
                  | Orb.
     0 | D:1      | Reached XP level 1. HP: 14/14 MP: 3/3
   236 | D:1      | Reached XP level 2. HP: 18/22 MP: 0/5
   449 | D:1      | Reached skill level 1 in Fighting
   629 | D:1      | Reached XP level 3. HP: 14/28 MP: 1/6
   689 | D:1      | Learned a level 2 spell: Poisonous Vapours
  1072 | D:2      | Noticed Terence
  1102 | D:2      | Killed Terence
  1102 | D:2      | Reached XP level 4. HP: 36/36 MP: 0/8
  1419 | D:2      | Found an iron altar of Okawaru.
  1902 | D:2      | Learned a level 3 spell: Mephitic Cloud
  2089 | D:3      | Reached skill level 4 in Poison Magic
  2152 | D:3      | Reached XP level 5. HP: 17/42 MP: 5/9
  2756 | D:4      | Found a stormy altar of Qazlal.
  3106 | D:4      | Reached XP level 6. HP: 50/51 MP: 8/11
  3311 | D:5      | Entered Level 5 of the Dungeon
  3349 | D:5      | Found a hazy altar of Hepliaklqana.
  3674 | D:5      | Noticed an ice beast
  3733 | D:5      | Found an opulent altar of Gozag.
  3743 | D:5      | Found an ancient bone altar of Kikubaaqudgha.
  4045 | D:4      | Reached skill level 5 in Poison Magic
  4225 | D:5      | Found a sacrificial altar of Ru.
  4314 | D:5      | Noticed a slave
  4314 | D:5      | Noticed a slave
  4315 | D:5      | Noticed Pikel
  4316 | D:5      | Noticed a slave
  4319 | D:5      | Noticed a slave
  4323 | D:5      | Killed a slave
  4336 | D:5      | Killed Pikel
  4336 | D:5      | Reached skill level 5 in Fighting
  4336 | D:5      | Reached skill level 5 in Spellcasting
  4336 | D:5      | Your scales start taking on a lurid green colour.
  4336 | D:5      | Reached skill level 7 in Poison Magic
  4336 | D:5      | Reached XP level 7. HP: 42/61 MP: 9/14
  4336 | D:5      | Gained mutation: Your system is resistant to poisons.
                  | (rPois) [Green Draconian growth]
  4343 | D:5      | Learned a level 4 spell: Olgreb's Toxic Radiance
  4467 | D:5      | Reached XP level 8. HP: 58/70 MP: 15/15
  4753 | D:6      | Reached skill level 8 in Poison Magic
  4855 | D:6      | Found a runed translucent door.
  4856 | D:6      | Noticed Crazy Yiuf
  4920 | D:6      | Found a staircase to the Ecumenical Temple.
  4929 | Temple   | Entered the Ecumenical Temple
  4935 | Temple   | Became a worshipper of Vehumet
  4971 | D:6      | Noticed Menkaure
  4976 | D:6      | Killed Menkaure
  5061 | D:6      | Noticed a centaur warrior
  5456 | D:7      | Found a runed translucent door.
  5456 | D:7      | Noticed Xerdoz's ghost (novice BaFE)
  6005 | D:6      | Found Osixupe's Assorted Antiques.
  6008 | D:6      | Bought a scroll labeled ZAL PUIB MAS for 30 gold pieces
  6009 | D:6      | Bought a red potion for 27 gold pieces
  6009 | D:6      | Bought an iron wand for 120 gold pieces
  6013 | D:6      | Reached skill level 1 in Shields
  6013 | D:6      | Reached XP level 9. HP: 79/79 MP: 18/18
  6052 | D:6      | Killed a centaur warrior
  6052 | D:6      | Reached skill level 9 in Poison Magic
  6344 | D:6      | Found a burning altar of Makhleb.
  6344 | D:6      | Found a shimmering blue altar of Sif Muna.
  6518 | D:6      | Killed Crazy Yiuf
  7246 | D:7      | Reached skill level 10 in Poison Magic
  7542 | D:8      | Reached * piety under Vehumet
  7542 | D:8      | Offered knowledge of Flame Tongue by Vehumet.
  7586 | D:8      | Noticed a cyclops
  7595 | D:8      | Reached XP level 10. HP: 40/88 MP: 9/21
  7597 | D:8      | Killed a cyclops
  7936 | D:8      | Noticed a two-headed ogre
  7951 | D:8      | Killed a two-headed ogre
  7951 | D:8      | Reached skill level 5 in Shields
  8067 | D:8      | Found a staircase to the Lair.
  8358 | D:8      | Reached skill level 11 in Poison Magic
  8429 | D:8      | Found a bloodstained altar of Trog.
  8833 | D:9      | Reached ** piety under Vehumet
  8874 | D:9      | Offered knowledge of Freeze by Vehumet.
  8948 | D:9      | Reached XP level 11. HP: 82/95 MP: 24/24
  9093 | D:9      | Noticed a purple ugly thing
  9129 | D:9      | Killed a purple ugly thing
  9461 | D:10     | Entered Level 10 of the Dungeon
  9463 | D:10     | Noticed a two-headed ogre
  9490 | D:10     | Killed a two-headed ogre
  9717 | D:10     | Reached skill level 12 in Poison Magic
  9778 | D:10     | Found a shattered altar of Ashenzari.
  9849 | D:10     | Offered knowledge of Conjure Flame by Vehumet.
  9871 | D:10     | Reached *** piety under Vehumet
  9882 | D:10     | Found a staircase to the Orcish Mines.
 10252 | D:10     | Learned a level 3 spell: Conjure Flame
 10300 | D:10     | Found Helyhiocw's Assorted Antiques.
 10308 | D:10     | Bought a scroll labeled BEFAQU CE NERI for 34 gold pieces
 10308 | D:10     | Bought a blue potion for 30 gold pieces
 10308 | D:10     | Bought a fizzy coppery potion for 30 gold pieces
 10311 | D:10     | Reached XP level 12. HP: 104/104 MP: 25/25
 10372 | D:10     | Offered knowledge of Throw Icicle by Vehumet.
 10977 | D:11     | Reached **** piety under Vehumet
 11070 | D:11     | Offered knowledge of Static Discharge by Vehumet.
 11077 | D:11     | Found an iron altar of Okawaru.
 11308 | D:11     | Reached ***** piety under Vehumet
 11330 | D:11     | Found a roughly hewn altar of Beogh.
 11475 | D:11     | You fall into a shaft and drop 1 floor!
 11491 | D:12     | Found Idariyw's Magic Scroll Emporium.
 11509 | D:12     | Bought a scroll of holy word for 112 gold pieces
 11509 | D:12     | Bought a scroll of vulnerability for 112 gold pieces
 11509 | D:12     | Bought a scroll of teleportation for 45 gold pieces
 11509 | D:12     | Bought a scroll of teleportation for 45 gold pieces
 11509 | D:12     | Bought a scroll of enchant armour for 112 gold pieces
 11546 | D:12     | Offered knowledge of Poison Arrow by Vehumet.
 11565 | D:12     | Learned a level 6 spell: Poison Arrow
 11777 | D:12     | Found Sueth's Distillery.
 12023 | D:12     | Reached skill level 10 in Spellcasting
 12056 | D:12     | Noticed Psyche
 12065 | D:12     | Found Pem Vala's Distillery.
 12196 | Lair:1   | Entered Level 1 of the Lair of Beasts
 12196 | Lair:1   | Found a runed translucent door.
 12196 | Lair:1   | Noticed Buzer's ghost (journeyman DECj)
 13023 | Lair:1   | Noticed a five-headed hydra
 13363 | Orc:1    | Entered Level 1 of the Orcish Mines
 13424 | Orc:2    | Entered Level 2 of the Orcish Mines
 13439 | Orc:2    | Reached XP level 13. HP: 86/113 MP: 27/27
 13516 | Orc:1    | Found a burning altar of Makhleb.
 13563 | Orc:1    | Reached skill level 13 in Poison Magic
 13594 | Orc:1    | Found a flagged portal.
 13760 | Bailey   | Entered a bailey
 13839 | Bailey   | Found a burning altar of Makhleb.
 14114 | Orc:2    | Found a staircase to the Elven Halls.
 14391 | Orc:2    | Paralysed by an orc sorcerer for 2 turns
 14395 | Orc:2    | Reached skill level 10 in Fighting
 14678 | Orc:2    | Offered knowledge of Orb of Destruction by Vehumet.
 14682 | Orc:2    | Found Iriros's Weapon Shoppe.
 14694 | Orc:2    | Found Maliseb's Weapon Emporium.
 14694 | Orc:2    | Found Fauhotz's Book Emporium.
 14697 | Orc:2    | Found Hoinau's Jewellery Shoppe.
 15392 | Orc:1    | Noticed Maurice
 15404 | Orc:1    | Killed Maurice
 16752 | Lair:2   | Got a steaming tin ring
 17010 | Lair:2   | Identified the ring "Veutyikk" {+Blink Dex+4 SInv} (You
                  | found it on level 2 of the Lair of Beasts)
 17430 | Lair:3   | Reached skill level 5 in Conjurations
 17801 | Lair:3   | Found a frozen archway.
 17810 | IceCv    | Entered an ice cave
 17901 | IceCv    | Reached skill level 14 in Poison Magic
 18134 | IceCv    | Learned a level 4 spell: Force Lance
 18531 | IceCv    | Engulfed by an ice statue's freezing vapour

Levels and vault maps discovered:
D:1:      lemuel_arrival_cross, layout_basic
D:2:      layout_loops_ring, lemuel_coloured_pillars_altar, uniq_terence
D:3:      layout_loops_ring
D:4:      layout_basic, first_ration, grunt_qazlal_clouds
D:5:      layout_loops_ring, overflow_temple_1_default,
          nicolae_overflow_crystal_walls,
          nicolae_gozag_cash_rules_everything_around_me, kennysheep_mini_moat,
          uniq_pikel
D:6:      layout_loops_ring, nicolae_overflow_hidden_temple,
          minmay_temple_entry_statues_fountains, serial_shops, kennysheep_mini,
          minmay_chambers_of_fives, uniq_crazy_yiuf_cottage, uniq_menkaure
D:7:      layout_gridville, gammafunk_ghost_grave
D:8:      layout_loops_ring, lemuel_doored_altar, lair_entry_dummy,
          solitary_fountain, the_bakery
D:9:      layout_cave_pools
D:10:     kennysheep_windowed_halls, layout_stronghold, hiddenorc2_lemuel,
          serial_shops, nicolae_shop_trees, small_statue_alley_a,
          ashenzari_altar_1
D:11:     layout_roguey [special_room_orc], david_defended_altar_orc
D:12:     layout_gridville, serial_shops, shop_fountains, shop, shop,
          uniq_erolcha, uniq_psyche
Temple:   dshaligram_water_room_temple
Lair:1:   layout_misc_corridors, ebering_ghost_inner_flame
Lair:2:   layout_regular_city, grunt_forest_small_clearing_treed
Lair:3:   layout_cave_pods, palyth_hydra_swamp_entry,
          portal_ice_cave_entry_pillars_1
Orc:1:    nicolae_orc_accident_1, layout_diamond_mine, enter_bailey_7,
          bloody_makhleb, uniq_maurice
Orc:2:    st_orc_mages, layout_diamond_mine
IceCv:    ice_cave_small_giant

Skill      XL: |  1  2  3  4  5  6  7  8  9 10 11 12 13 |
---------------+----------------------------------------+-----
Fighting       | 1 2 3 5 7 8 9 10 | 10.5
Spellcasting   | 3 5 6 7 9 10 11 | 11.2
Poison Magic   | 4 7 8 10 11 12 14 | 14.0
Shields        | 1 4 6 11 12 | 12.8
Conjurations   | 3 5 |  5.9
Dodging        | |  1.7
Stealth        | |  1.7

Action                   |  1- 3 |  4- 6 |  7- 9 | 10-12 | 13-15 || total
-------------------------+-------+-------+-------+-------+-------++-------
Melee: Unarmed           |    77 |    22 |       |       |       ||    99
       Tailslap          |     9 |    24 |    24 |    64 |    36 ||   157
       Flail             |       |   215 |   261 |   592 |   313 ||  1381
Throw: Dart              |     3 |       |     1 |     2 |     2 ||     8
 Cast: Sting             |    48 |     7 |     1 |       |       ||    56
       Poisonous Vapours |     5 |    12 |     1 |     8 |     5 ||    31
       Mephitic Cloud    |       |     3 |     2 |       |     2 ||     7
       Olgreb's Toxic Ra |       |       |    10 |    55 |    81 ||   146
       Force Lance       |       |       |       |       |     8 ||     8
 Abil: Breathe Noxious F |       |       |       |     8 |     7 ||    15
       Evoke Blink       |       |       |       |       |     3 ||     3
Evoke: Wand              |       |       |       |     5 |    13 ||    18
  Use: Potion            |     3 |     5 |     4 |     6 |     4 ||    22
       Scroll            |       |     9 |     8 |    14 |     3 ||    34
 Stab: Sleeping          |       |     4 |     2 |     3 |     1 ||    10
       Distracted        |       |     1 |       |     1 |       ||     2
       Confused          |       |     4 |     1 |     3 |     1 ||     9
  Eat: Chunk             |     1 |     9 |     5 |    16 |    12 ||    43
       Ration            |       |     1 |     2 |     4 |     4 ||    11
Armor: Skin              |    35 |    95 |   121 |   241 |   102 ||   594
Dodge: Dodged            |    73 |   184 |    97 |   168 |   128 ||   650
Block: Large shield      |       |       |   172 |   792 |   510 ||  1474
